cohdb
Replays
Latest Replays
All Replays
Popular Replays
Top Player Replays
Match Explorer
How It Works
Community
CoH3 Stats
Reddit
Sign in to upload your games and track your stats! →
Sign in with Steam
Match 42745367
Unlisted
Match 42745367
Overview
Messages
Build Orders
End
Scout Squad
Selects Heavy Weapons
Construct Weapon Support Center
Scout Squad
M1919 Machine Gun Team
M1919 Machine Gun Team
Infantry Support Center
Selects Assault Carriers
Construct Barracks
Riflemen Squad
M3 Assault Carrier
Selects Exchangeable Parts
Construct Medical Station
Riflemen Squad
Advanced Logistics
Engineer Squad
K̳itsuné
jeongjae
0
0
Comments
sign in to comment!
No comments posted yet!